 Dungeon Crawl Stone Soup version 0.20.1-1-g8b1a95d (webtiles) character file.

2045 vineage the Carver (level 9, -4/70 HPs)
             Began as a Demonspawn Fighter on Oct 11, 2017.
             Slain by an orc warrior
             ... wielding a +0 long sword
              (8 damage)
             ... on level 6 of the Dungeon.
             The game lasted 00:07:27 (4258 turns).

vineage the Carver (Demonspawn Fighter)             Turns: 4258, Time: 00:07:27

Health: -4/70      AC:  9    Str: 22    XL:     9   Next: 4%
Magic:  9/9        EV: 15    Int: 12    God:
Gold:   334        SH: 10    Dex: 19    Spells: 8/8 levels left

rFire    . . .     SeeInvis .   a - +0 long sword
rCold    + . .     Gourm    .   c - +0 shield
rNeg     . . .     Faith    +   b - +0 scale mail
rPois    +         Spirit   .   (no helmet)
rElec    .         Reflect  .   (no cloak)
rCorr    .         Harm     .   n - +0 pair of gloves
MR       .....     Rnd*Rage +   w - +0 pair of boots
Stlth    +.........             t - amulet of faith
Regen    0.3/turn               m - ring of poison resistance
MPRegen  0.2/turn               u - +2 ring of evasion

@: agile, flying
A: talons 1, berserk 1, clever 1, cold resistance 1, foul stench 1, robust 1,
screaming 1, spiny 1, strong 2, rot immunity, sturdy frame 3
a: no special abilities


You were on level 6 of the Dungeon.
You were not hungry.

You visited 2 branches of the dungeon, and saw 7 of its levels.

You collected 334 gold pieces.

Inventory:

Hand Weapons
 a - a +0 long sword (weapon)
Armour
 b - a +0 scale mail (worn)
 c - a +0 shield (worn)
 n - a +0 pair of gloves (worn)
 w - a +0 pair of boots (worn)
Jewellery
 m - a ring of poison resistance (left hand)
 t - an amulet of faith (around neck)
 u - a +2 ring of evasion (right hand)
Wands
 l - a wand of paralysis (7/24)
 q - a wand of disintegration (11/24)
Scrolls
 d - a scroll of recharging
 e - 2 scrolls of remove curse
 h - a scroll of fear
 o - 2 scrolls of teleportation {unknown}
 p - 2 scrolls of amnesia {unknown}
 s - 2 scrolls of enchant weapon {unknown}
 v - 3 scrolls of magic mapping {unknown}
 y - 2 scrolls of enchant armour {unknown}
Potions
 g - a potion of magic
Books
 k - a book of Air

   Spells                             Type                      Level
   a - Shock                          Conjuration/Air              1
   b - Swiftness                      Charms/Air                   2
   c - Static Discharge               Conjuration/Air              3
   d - Airstrike                      Air                          4
   e - Lightning Bolt                 Conjuration/Air              5
Comestibles
 f - 3 bread rations
 i - 4 royal jellies
 j - 3 meat rations


   Skills:
 - Level 3.2 Fighting
 * Level 10.7 Long Blades
 - Level 3.1 Armour
 - Level 2.9 Shields


You had 8 spell levels left.
You didn't know any spells.

Dungeon Overview and Level Annotations

Branches:
Dungeon (6/15)             Temple (1/1) D:5

Altars:
Ashenzari
Cheibriados
Dithmenos
Elyvilon
Fedhas
Gozag
Hepliaklqana
Makhleb
Nemelex Xobeh
Qazlal
Ru
Sif Muna
Trog
Uskayaw
Vehumet
Yredelemnul
Zin
The Shining One


Innate Abilities, Weirdness & Mutations

You have sharp toenails.
You may emit foul miasma when damaged in melee.
You are partially covered in sharp spines.
You are immune to rotting.
Your movements are significantly less encumbered by armour. (ER -6)
You tend to lose your temper in combat.
Your mind is acute. (Int +2)
Your flesh is cold resistant. (rC+)
You are robust. (+10% HP)
You occasionally shout uncontrollably at your foes.
Your muscles are very strong. (Str +4)


Message History

You block the orc's attack.
It was a potion of flight.
You feel very buoyant.
You fly up into the air.
You block the orc warrior's attack. The orc completely misses you.
You hit the orc warrior but do no damage.
The orc warrior is heavily wounded.
The orc warrior hits you with a long sword!
* * * LOW HITPOINT WARNING * * *
You block the orc's attack.
You barely miss the orc warrior.
The orc warrior is heavily wounded.
You block the orc's attack.
The orc warrior hits you with a long sword!
* * * LOW HITPOINT WARNING * * *
It was a potion of agility.
You feel agile all of a sudden. You block the orc's attack.
The orc warrior hits you with a long sword!
You die...

### .... #.. ...
#.##.. #.#.. #.#.#
####.#)##.#
#.(.†))...#
######..oo##......
#......†.@# .####
#.........# #
#.........#
#.........+
#.........#
#.....#.###
#.....#.#
+.......######
#............+


You could see an orc warrior and an orc.

Vanquished Creatures
  Prince Ribbit (D:5)
  Sigmund (D:4)
  An ice beast (D:5)
  2 sky beasts (D:5)
  2 phantoms
  3 ogres
  2 centaurs (D:5)
  3 bullfrogs
  A centaur zombie (D:5)
  A crimson imp (D:5)
  A hound (D:4)
  A jelly (D:5)
  An orc priest (D:3)
  3 orc wizards
  Jessica (D:2)
  An iguana (D:5)
  Natasha (thrice) (D:4)
  2 worker ants (D:5)
  A hound zombie (D:5)
  A hound skeleton (D:5)
  A worker ant zombie (D:5)
  11 adders
  2 oozes
  4 worms
  4 leopard geckos
  9 orcs
  4 ball pythons
  4 bats (D:1)
  10 giant cockroaches
  11 goblins
  6 hobgoblins
  8 jackals
  2 quokkas
  A ball python skeleton (D:4)
  4 frilled lizards
  9 kobolds
  13 rats
  A plant (D:5)
136 creatures vanquished.

Notes
Turn   | Place    | Note
-------+----------+-------------------------------------------
     0 | D:1      | vineage the Demonspawn Fighter began the quest for the Orb.
     0 | D:1      | Reached XP level 1. HP: 18/18 MP: 1/1
   123 | D:1      | Noticed a troll
   151 | D:1      | Gained mutation: You are partially covered in sharp spines. [demonic ancestry]
   151 | D:1      | Reached XP level 2. HP: 24/24 MP: 2/2
   371 | D:1      | Reached skill level 2 in Long Blades
   717 | D:1      | Gained mutation: Your movements are slightly less encumbered by armour. (ER -2) [demonic ancestry]
   717 | D:1      | Reached XP level 3. HP: 28/29 MP: 3/3
  1056 | D:2      | Reached skill level 3 in Long Blades
  1089 | D:2      | Gained mutation: Your movements are less encumbered by armour. (ER -4) [demonic ancestry]
  1089 | D:2      | Reached XP level 4. HP: 35/35 MP: 4/4
  1143 | D:2      | Noticed Jessica
  1152 | D:2      | Killed Jessica
  1424 | D:2      | Reached skill level 4 in Long Blades
  1542 | D:3      | Noticed a bullfrog
  1543 | D:3      | Noticed a phantom
  1547 | D:3      | Killed a bullfrog
  1547 | D:3      | Reached XP level 5. HP: 26/41 MP: 5/5
  1568 | D:3      | Killed a phantom
  1568 | D:3      | Reached skill level 5 in Long Blades
  1568 | D:3      | Gained mutation: You have sharp toenails. [demonic ancestry]
  1568 | D:3      | Reached XP level 6. HP: 16/47 MP: 6/6
  1728 | D:3      | Found a sacrificial altar of Ru.
  2016 | D:3      | Gained mutation: You are robust. (+10% HP) [potion of mutation]
  2016 | D:3      | Gained mutation: You tend to lose your temper in combat. [potion of mutation]
  2016 | D:3      | Gained mutation: Your muscles are strong. (Str +2) [potion of mutation]
  2068 | D:4      | Noticed Natasha
  2072 | D:4      | Killed Natasha
  2072 | D:4      | Reached skill level 6 in Long Blades
  2149 | D:4      | Noticed Sigmund
  2169 | D:4      | Killed Sigmund
  2169 | D:4      | Reached skill level 7 in Long Blades
  2169 | D:4      | Gained mutation: You are immune to rotting. [demonic ancestry]
  2169 | D:4      | Reached XP level 7. HP: 15/57 MP: 7/7
  2523 | D:4      | Noticed Natasha
  2529 | D:4      | Killed Natasha
  2760 | D:4      | Noticed Natasha
  2767 | D:4      | Killed Natasha
  2939 | D:5      | Entered Level 5 of the Dungeon
  2954 | D:5      | Noticed Prince Ribbit
  3037 | D:5      | Reached skill level 8 in Long Blades
  3043 | D:5      | Killed Prince Ribbit
  3043 | D:5      | Gained mutation: Your movements are significantly less encumbered by armour. (ER -6) [demonic ancestry]
  3043 | D:5      | Reached XP level 8. HP: 16/63 MP: 8/8
  3305 | D:5      | Reached skill level 9 in Long Blades
  3309 | D:5      | Gained mutation: Your flesh is cold resistant. (rC+) [mutagenic meat]
  3310 | D:5      | Gained mutation: Your mind is acute. (Int +2) [mutagenic meat]
  3355 | D:5      | Found a staircase to the Ecumenical Temple.
  3364 | Temple   | Entered the Ecumenical Temple
  3922 | D:5      | Reached skill level 10 in Long Blades
  3978 | D:5      | Gained mutation: Your mind is very acute. (Int +4) [mutagenic meat]
  3979 | D:5      | Lost mutation: Your mind is very acute. (Int +4) [mutagenic meat]
  3980 | D:5      | Gained mutation: Your muscles are very strong. (Str +4) [mutagenic meat]
  3981 | D:5      | Gained mutation: You occasionally shout uncontrollably at your foes. [mutagenic meat]
  4233 | D:6      | Gained mutation: You may emit foul miasma when damaged in melee. [demonic ancestry]
  4233 | D:6      | Reached XP level 9. HP: 22/70 MP: 9/9
  4258 | D:6      | Slain by an orc warrior

Skill      XL: |  1  2  3  4  5  6  7  8 |
---------------+-------------------------+-----
Armour         | 3 |  3.1
Long Blades    | 2 3 4 5 7 8 10 | 10.7
Fighting       | |  3.2
Shields        | |  2.9

Action                   |  1- 3 |  4- 6 |  7- 9 || total
-------------------------+-------+-------+-------++-------
Melee: Long sword        |    89 |   113 |   220 ||   422
       Kick              |       |    18 |     6 ||    24
  Use: Scroll            |     3 |     3 |     2 ||     8
       Potion            |       |     4 |     6 ||    10
 Stab: Paralysed         |       |     1 |       ||     1
  Eat: Chunk             |       |     4 |     9 ||    13
       Meat ration       |       |       |     1 ||     1
Armor: Scale mail        |    38 |    26 |    53 ||   117
Dodge: Dodged            |    25 |    35 |    62 ||   122
Block: Shield            |    44 |    42 |    88 ||   174
       Rpst.: Long sword |     9 |    13 |    15 ||    37
